[Event "Wed Night Engine Tour 13 Rd Swiss 3m+1s Starts at 2200hrs ST"]
[Site "Infinity Chess"]
[Date "2018.1.31"]
[Round "1"]
[White "MCDermont"]
[Black "star99"]
[Result "1/2-1/2"]
[ECO "C42"]
[WhiteElo "2571"]
[BlackElo "2468"]
[WhiteEngine "BrainFish 060118_CTG"]
[BlackEngine "Cryptic Heroes V4.2"]
[EventType "Swiss"]
[WhiteTeam ""]
[BlackTeam ""]
[PlyCount "147"]
[TimeControl "180+1"]

1. e4 e5 2. Nf3 Nf6 3. Nxe5 d6 4. Nc4 Nxe4 5. d4 d5 6. Ne3 Qf6 7. Qe2 Be6 
8. c3 c6 9. Qc2 Bd6 10. Bd3 Qh4 11. g3 Qh5 12. Nd2 f5 13. Be2 Qh3 14. Nxe4 fxe4 
15. Qb3 b6 16. Qd1 Bd7 17. Bh5+ g6 18. Be2 O-O 19. c4 Rf7 20. a3 Bf8 
21. cxd5 cxd5 22. Qb3 Nc6 23. Qxd5 Rd8 24. Bf1 Qh5 25. Qxh5 gxh5 26. Nc2 Na5 
27. Rb1 Ba4 28. Na1 Bg7 29. Be2 h4 30. Bf4 Bd7 31. b4 Nc6 32. Nc2 Be6 
33. O-O hxg3 34. hxg3 Ne7 35. Rbc1 Rdf8 36. Bg5 Nf5 37. Bf4 Ne7 38. Bd2 Nf5 
39. Bh5 Rc7 40. d5 Bxd5 41. Ne3 Rxc1 42. Rxc1 Nxe3 43. Bxe3 Bb2 44. Rd1 Bc4 
45. Rd7 Bf7 46. Bg4 Bxa3 47. b5 Bc5 48. Bxc5 bxc5 49. Rxa7 Rb8 50. Bd7 Bc4 
51. Ra1 Kh8 52. Ra3 Bd3 53. f4 h5 54. Kf2 Kg7 55. Bc6 Kf6 56. Ra6 Ke7 
57. Ra7+ Ke6 58. Ke3 Bxb5 59. Bxe4 Bc4 60. Rh7 Rb3+ 61. Kd2 Rxg3 62. Rxh5 Kd6 
63. Rh6+ Kd7 64. f5 Bb5 65. Rh7+ Kd6 66. f6 Bc4 67. f7 Ke7 68. f8=Q+ Kxf8 
69. Rc7 Bf1 70. Rc8+ Ke7 71. Rxc5 Kd6 72. Rd5+ Ke6 73. Rh5 Ra3 74. Rf5 1/2-1/2